 Dungeon Sprint DCSS version 0.22-a0-456-g11ed031 (webtiles) character file.

145518 Kidiri the Imperceptible (level 17, -12/192 HPs)
             Began as a Naga Fighter on June 6, 2018.
             Was a High Priest of Cheibriados.
             Killed by divine providence
             ... invoked by a daeva
              (13 damage)
             ... in the Dungeon (Sprint V: "Ziggurat Sprint").
             The game lasted 00:15:29 (2145 turns).

Kidiri the Imperceptible (Naga Fighter)             Turns: 2145, Time: 00:15:29

Health: -12/192    AC: 42    Str: 39    XL:     17   Next: 42%
Magic:  18/37      EV: 21    Int: 32    God:    Cheibriados [*****.]
Gold:   0          SH: 38    Dex: 35    Spells: 16/16 levels left

rFire    . . .     SeeInvis +   M - +8 long sword "Tumiju" {freeze, rC+ Int+4}
rCold    + + +     Gourm    .   c - +18 shield of the Gong {rElec rN+ MR+ EV-5}
rNeg     + . .     Faith    .   b - +15 Maxwell's patent armour {-Cast -Tele rElec MR+ rCorr}
rPois    +         Spirit   .   B - +0 helmet {Int+3}
rElec    +         Reflect  .   (no cloak)
rCorr    +         Harm     .   A - +2 pair of gloves "Zuhe" {Dex+3}
MR       +++++     NoTele   +   (no barding) Stlth ++........NoCast +
                                L - amulet "Sostrinn" {Acrobat MR+++}
HPRegen  0.42/turn              H - ring "Nivean" {rPois rC++ EV+3 Dex+3}
MPRegen  0.25/turn              N - ring "Joduranyap" {MP+9 Str+6}

@: glowing, studying Unarmed Combat, very slow
A: large, stinger 1, thin metallic scales 1, see invisible, deformed body,
poison resistance, slowness 2, slow metabolism 1, spit poison 1, constrict 1, AC
+5
a: Spit Poison, Bend Time, Temporal Distortion, Slouch, Step From Time, Renounce
Religion


You were in the Dungeon.
You worshipped Cheibriados.
Cheibriados was extremely pleased with you.
You were not hungry.

You visited 1 branch

Inventory:

Hand Weapons
 a - the +7 Singing Sword
   (You found it in the Dungeon)
 M - the +8 long sword "Tumiju" (weapon) {freeze, rC+ Int+4}
   (You found it in the Dungeon)

   It has been specially enchanted to freeze those struck by it, causing extra
   injury to most foes and up to half again as much damage against particularly
   susceptible opponents.
   It can also slow down cold-blooded creatures.
   It affects your intelligence (+4).
   It protects you from cold.
Armour
 b - the +15 Maxwell's patent armour (worn) {-Cast -Tele rElec MR+ rCorr}
   (You found it in the Dungeon)

   It insulates you from electricity.
   It affects your resistance to hostile enchantments.
   It prevents spellcasting.
   It prevents most forms of teleportation.
   It protects you from acid and corrosion.
 c - the +18 shield of the Gong (worn) {rElec rN+ MR+ EV-5}
   (You found it in the Dungeon)

   It affects your evasion (-5).
   It insulates you from electricity.
   It protects you from negative energy.
   It affects your resistance to hostile enchantments.
 h - a +1 hat
 A - the +2 pair of gloves "Zuhe" (worn) {Dex+3}
   (You found it in the Dungeon)

   It affects your dexterity (+3).
 B - a +0 helmet of intelligence (worn)
Jewellery
 j - the amulet of Gogig {RegenMP -Tele Fragile Int+6}
   (You took it off a merfolk impaler in the Dungeon)

   [amulet of magic regeneration]

   It increases your magic regeneration.
   It affects your intelligence (+6).
   It prevents most forms of teleportation.
   It will be destroyed if unequipped.
 o - the amulet of Orugomimau {+Rage Int+7}
   (You found it in the Dungeon)

   [amulet of rage]

   It affects your intelligence (+7).
   It lets you go berserk.
 x - the ring "Guseis" {+Blink rN+}
   (You found it in the Dungeon)

   [ring of positive energy]

   It protects you from negative energy.
   It lets you blink.
 y - the amulet "Myrhuav" {Faith rF+ Str+3 Stlth+}
   (You took it off a vampire knight in the Dungeon)

   [amulet of faith]

   It allows you to gain divine favour quickly.
   It affects your strength (+3).
   It protects you from fire.
   It makes you more stealthy.
 z - the amulet of the Slug {Faith rElec Slay+2 SInv}
   (You found it in the Dungeon)

   [amulet of faith]

   It allows you to gain divine favour quickly.
   It affects your accuracy and damage with ranged weapons and melee attacks
   (+2).
   It insulates you from electricity.
   It lets you see invisible.
 F - the ring "Fytirph" {MP+9 Dex+6}
   (You found it in the Dungeon)

   [ring of magical power]

   It affects your dexterity (+6).
   It affects your magic capacity (+9).
 G - the amulet "Xecirim" {Inacc Stlth+}
   (You found it in the Dungeon)

   [amulet of inaccuracy]

   It reduces the accuracy of all your attacks.
   It makes you more stealthy.
 H - the ring "Nivean" (left hand) {rPois rC++ EV+3 Dex+3}
   (You found it in the Dungeon)

   [ring of evasion]

   It affects your evasion (+3).
   It affects your dexterity (+3).
   It greatly protects you from cold.
   It protects you from poison.
 K - the ring of Juyb {rCorr rF+++ Str-4}
   (You found it in the Dungeon)

   [ring of resist corrosion]

   It affects your strength (-4).
   It renders you almost immune to fire.
 L - the amulet "Sostrinn" (around neck) {Acrobat MR+++}
   (You found it in the Dungeon)

   [amulet of the acrobat]

   It helps you evade while moving and waiting.
   It affects your resistance to hostile enchantments.
 N - the ring "Joduranyap" (right hand) {MP+9 Str+6}
   (You found it in the Dungeon)

   [ring of magical power]

   It affects your strength (+6).
   It affects your magic capacity (+9).
 O - the amulet of Ivipn {Faith rElec Dex+2}
   (You found it in the Dungeon)

   [amulet of faith]

   It allows you to gain divine favour quickly.
   It affects your dexterity (+2).
   It insulates you from electricity.
 P - the amulet of Modabb {+Rage rC+ Str+2 Dex+3}
   (You found it in the Dungeon)

   [amulet of rage]

   It affects your strength (+2).
   It affects your dexterity (+3).
   It protects you from cold.
   It lets you go berserk.
 Q - the ring "Need" {rPois MP-9 EV+5 SInv Stlth+}
   (You found it in the Dungeon)

   [ring of evasion]

   It affects your evasion (+5).
   It protects you from poison.
   It affects your magic capacity (-9).
   It lets you see invisible.
   It makes you more stealthy.
 R - the amulet of the Trout {Inacc MP+9}
   (You found it in the Dungeon)

   [amulet of inaccuracy]

   It reduces the accuracy of all your attacks.
   It affects your magic capacity (+9).
 S - the amulet of Honesty {Inacc rF- MR+ Int+4}
   (You found it in the Dungeon)

   [amulet of inaccuracy]

   It reduces the accuracy of all your attacks.
   It affects your intelligence (+4).
   It makes you vulnerable to fire.
   It affects your resistance to hostile enchantments.
 T - a +3 ring of evasion
Wands
 C - a wand of disintegration (7)
 D - a wand of iceblast (7)
 E - a wand of acid (7)
 Y - a wand of polymorph (13)
Scrolls
 k - 4 scrolls of blinking
 q - 4 scrolls of amnesia
 r - 7 scrolls of fog
 s - 2 scrolls of holy word
 u - 5 scrolls of remove curse
 v - 2 scrolls of fear
 w - 8 scrolls of enchant weapon
 I - 5 scrolls of brand weapon
Potions
 d - 7 potions of might
 e - 9 potions of curing
 g - 13 potions of heal wounds
 i - 6 potions of magic
 l - 2 potions of brilliance
 m - 2 potions of invisibility
 n - 4 potions of resistance
 p - 8 potions of agility
 W - a potion of ambrosia
Books
 t - a manual of Unarmed Combat
Comestibles
 f - 8 rations


   Skills:
 * Level 22.2 Fighting
 * Level 22.1 Long Blades
 * Level 19.3 Armour
 + Level 15.9 Dodging
 + Level 23.7 Stealth
 * Level 19.3 Shields
 - Level 15.8 Invocations


You had 16 spell levels left.
You didn't know any spells.
Your spell library was empty.

Dungeon Overview and Level Annotations

Branches:
Dungeon (1/1)

Altars:
Ashenzari
Cheibriados
Dithmenos
Elyvilon
Fedhas
Gozag
Hepliaklqana
Kikubaaqudgha
Makhleb
Nemelex Xobeh
Okawaru
Qazlal
Ru
Sif Muna
Trog
Uskayaw
Vehumet
Wu Jian
Xom
Yredelemnul
Zin
The Shining One
Beogh
Jiyva
Lugonu


Innate Abilities, Weirdness & Mutations

You cannot wear boots.
Your serpentine skin is tough. (AC +5)
You have supernaturally acute eyesight. (SInv)
Armour fits poorly on your strangely shaped body.
Your system is resistant to poisons. (rPois)
You cover ground very slowly.
You have a slow metabolism.
You can spit poison.
You can use your snake-like lower body to constrict enemies.
Your tail ends in a poisonous barb.
You are partially covered in thin metallic scales. (AC +2)


Message History

You step out of the flow of time.
You return to the normal time flow.
You feel somewhat more hungry.
Cheibriados lowers the support of your attributes as your movement quickens.
The cherub's human head shouts!
The ophan turns its gaze towards you.
The daeva shouts!
The ophan turns its gaze towards you.
The cherub's ox head lows!
The ophan turns its gaze towards you.
The pearl dragon roars deafeningly!
The ophan turns its gaze towards you.
The angel shouts!
The pearl dragon roars deafeningly!
The daeva shouts! x2
The ophan calls forth blessed flames!
Blessed fire suddenly surrounds you!
The daeva calls down the wrath of the Shining One upon you.
The Shining One smites you!
* * * LOW HITPOINT WARNING * * *
The daeva calls down the wrath of the Shining One upon you.
The Shining One smites you!
You die... [)|).}[A)A[A)|A )}[[:|))}:)[}|)

........A......
G............DG
.A........A.G..
.............AA
......§GD......
......Y@§.....Y
......§§§...Y.A
...........A...
......A........
...▓.....YA▓...
..............A
....G..G..A....
..A............
.......©.......


You could see 4 apis, 8 daevas, 2 pearl dragons, 3 angels, 6 ophanim and 5
cherubim.

Vanquished Creatures
  A curse toe (D)
  A golden dragon (D)
  A lich (D)
  3 tentacled monstrosities (D)
  Rupert (D)
  5 Orb Guardians (D)
  Polyphemus (D)
  An acid blob (D)
  Gastronok (D)
  A shadow dragon (D)
  2 death cobs (D)
  Kirke (D)
  Agnes (D)
  A kraken (D)
  2 storm dragons (D)
  2 azure jellies (D)
  2 ghost moths (D)
  8 ghouls (D)
  An angel (D)
  3 very ugly things (D)
  A vampire knight (D)
  2 entropy weavers (D)
  7 black draconians (D)
  A green draconian (D)
  A purple draconian (D)
  3 red draconians (D)
  A white draconian (D)
  7 yellow draconians (D)
  5 merfolk javelineers (D)
  7 death oozes (D)
  4 merfolk impalers (D)
  Snorg (D)
  3 great orbs of eyes (D)
  An ice dragon (D)
  Harold (D)
  Erica (D)
  5 spriggan air magi (D)
  5 merfolk aquamancers (D)
  2 vampire magi (D)
  6 soul eaters (D)
  3 skeletal warriors (D)
  2 sea snakes (D)
  An unseen horror (shapeshifter) (D)
  A glowing orange brain (shapeshifter) (D)
  An orb spider (D)
  5 necromancers (D)
  2 shining eyes (D)
  2 ugly things (D)
  2 cyclopes (D)
  3 manticores (D)
  A wolf spider (shapeshifter) (D)
  11 moths of wrath (D)
  4 wolf spiders (D)
  A merfolk siren (D)
  5 draconians (D)
  2 black mambas (D)
  An elephant (D)
  Psyche (D)
  2 eyes of devastation (D)
  A spiny frog (D)
  2 yaktaurs (D)
  A freezing wraith (D)
  7 demonic crawlers (D)
  An ice devil (D)
  A polar bear (D)
  2 merfolk (shapeshifter) (D)
  3 merfolk (D)
  9 jumping spiders (D)
  A hornet (shapeshifter) (D)
  12 slime creatures (D)
  4 hornets (D)
  A snapping turtle (shapeshifter) (D)
  4 wind drakes (D)
  2 hippogriffs (D)
  6 redbacks (D)
  4 tarantellas (D)
  2 air elementals (D)
  2 shadows (D)
  A yak (D)
  A hog (shapeshifter) (D)
  A fire bat (shapeshifter) (D)
  A human (shapeshifter) (D)
  Eustachio (D)
  3 golden eyes (D)
  2 neqoxecs (D)
  A naga (D)
  A hell hound (D)
  A soldier ant (shapeshifter) (D)
  3 water moccasins (D)
  2 porcupines (D)
  2 ice beasts (D)
  An eye of draining (D)
  A phantom (D)
  4 necrophages (D)
  3 wolves (D)
  5 centaurs (D)
  A crocodile (D)
  A bullfrog (D)
  6 scorpions (D)
  Dowan (D)
  5 wights (D)
  5 jellies (D)
  Ijyb (D)
  3 adders (D)
  2 river rats (D)
  2 shadow imps (D)
  A white imp (D)
  4 oozes (D)
  3 spectral adders (D)
  3 adder zombies (D)
  4 adder skeletons (D)
  A ball python (D)
  4 bat skeletons (D)
  5 bat zombies (D)
  A ball python skeleton (D)
  A ball python zombie (D)
  A giant cockroach zombie (D)
  2 jackal skeletons (D)
  A jackal zombie (D)
  A leopard gecko skeleton (D)
  A leopard gecko zombie (D)
  A quokka zombie (D)
  A spectral quokka (D)
314 creatures vanquished.

Vanquished Creatures (others)
  3 tentacles (D)
3 creatures vanquished.

Grand Total: 317 creatures vanquished

Notes
Turn   | Place    | Note
-------+----------+-------------------------------------------
     0 | D        | Found the +6 Majin-Bo {vamp, Archmagi MP+6 Int+6}
     0 | D        | Found the +7 great mace "Firestarter" {inner flame, rF++}
     0 | D        | Kidiri the Naga Fighter began the quest for the Orb.
     0 | D        | Reached XP level 1. HP: 21/21 MP: 1/1
     0 | D        | Found a deep blue altar of Sif Muna.
     0 | D        | Found a bloodstained altar of Trog.
     0 | D        | Found a sacrificial altar of Ru.
     0 | D        | Found a stormy altar of Qazlal.
     0 | D        | Found an iron altar of Okawaru.
     1 | D        | Found a sparkling altar of Nemelex Xobeh.
     1 | D        | Found a blossoming altar of Fedhas.
     3 | D        | Found a transporter.
     3 | D        | Found an ancient bone altar of Kikubaaqudgha.
     3 | D        | Found a viscous altar of Jiyva.
     3 | D        | Found a corrupted altar of Lugonu.
     3 | D        | Found a hazy altar of Hepliaklqana.
     3 | D        | Found a burning altar of Makhleb.
     3 | D        | Found an opulent altar of Gozag.
    20 | D        | Found the +9 heavy crossbow "Sniper" {velocity, Acc+∞ SInv}
    20 | D        | Found the +10 dark maul {crush}
    20 | D        | Found the +15 Maxwell's patent armour {-Cast -Tele rElec MR+ rCorr}
    20 | D        | Found the +18 shield of the Gong {rElec rN+ MR+ EV-5}
    20 | D        | Found the cursed +14 obsidian axe {chop, +Fly SInv *Curse}
    21 | D        | Found the +6 shillelagh "Devastator" {shatter}
    21 | D        | Found the +11 plutonium sword {*Contam Stlth-}
    21 | D        | Found the +8 lance "Wyrmbane" {slay drac, rPois rF+ rC+ AC+3}
    21 | D        | Found the +9 sword of Zonguldrok {reap}
    21 | D        | Found the cursed +13 scythe of Curses {drain, *Curse}
    21 | D        | Found the +0 sword of Power
    21 | D        | Found the +5 mace of Variability {chaos}
    21 | D        | Found the +7 Singing Sword
    21 | D        | Found the +7 longbow "Piercer" {penet, EV-2}
    95 | D        | Became a worshipper of Cheibriados the Contemplative
   105 | D        | Reached skill level 1 in Dodging
   105 | D        | Reached skill level 3 in Stealth
   105 | D        | Reached XP level 2. HP: 30/30 MP: 1/3
   125 | D        | Entered arena 2.
   125 | D        | Noticed a polar bear
   125 | D        | Noticed an ice beast
   125 | D        | Found a transporter.
   133 | D        | Killed a polar bear
   133 | D        | Reached skill level 5 in Long Blades
   133 | D        | Reached skill level 5 in Armour
   133 | D        | Reached skill level 5 in Stealth
   133 | D        | Reached skill level 5 in Shields
   133 | D        | Reached XP level 3. HP: 31/40 MP: 3/6
   133 | D        | Reached XP level 4. HP: 38/48 MP: 3/7
   133 | D        | Reached XP level 5. HP: 43/55 MP: 3/8
   133 | D        | Reached XP level 6. HP: 49/62 MP: 3/9
   139 | D        | Killed an ice beast
   139 | D        | Reached * piety under Cheibriados
   139 | D        | Reached skill level 6 in Stealth
   183 | D        | Entered arena 3.
   183 | D        | Noticed a porcupine
   183 | D        | Noticed a yak
   183 | D        | Found a transporter.
   186 | D        | Killed a porcupine
   190 | D        | Killed a yak
   190 | D        | Reached ** piety under Cheibriados
   190 | D        | Reached skill level 7 in Stealth
   190 | D        | Reached skill level 5 in Invocations
   190 | D        | Reached XP level 7. HP: 52/72 MP: 10/10
   265 | D        | Entered arena 4.
   265 | D        | Noticed a yaktaur
   265 | D        | Noticed a yaktaur
   265 | D        | Found a transporter.
   272 | D        | Killed a yaktaur
   272 | D        | Reached skill level 8 in Stealth
   272 | D        | Reached XP level 8. HP: 50/81 MP: 10/12
   274 | D        | Killed a yaktaur
   274 | D        | Reached *** piety under Cheibriados
   277 | D        | Reached **** piety under Cheibriados
   288 | D        | Got the ring "Fytirph" {MP+9 Dex+6}
   389 | D        | Entered arena 5.
   389 | D        | Found a transporter.
   399 | D        | Reached ***** piety under Cheibriados
   401 | D        | Reached skill level 9 in Stealth
   410 | D        | Got the ring "Nivean" {rPois rC++ EV+3 Dex+3}
   418 | D        | Entered arena 6.
   418 | D        | Noticed a draconian
   418 | D        | Noticed a draconian
   418 | D        | Noticed a draconian
   418 | D        | Noticed a draconian
   418 | D        | Noticed a draconian
   418 | D        | Found a transporter.
   423 | D        | Killed a draconian
   423 | D        | Reached XP level 9. HP: 86/91 MP: 2/13
   425 | D        | Killed a draconian
   425 | D        | Reached skill level 5 in Dodging
   427 | D        | Killed a draconian
   427 | D        | Reached skill level 10 in Stealth
   429 | D        | Killed a draconian
   429 | D        | Reached skill level 10 in Fighting
   430 | D        | Killed a draconian
   430 | D        | Reached skill level 10 in Long Blades
   430 | D        | Reached XP level 10. HP: 87/102 MP: 3/15
   445 | D        | Got the ring of Juyb {rCorr rF+++ Str-4}
   493 | D        | Entered arena 7.
   493 | D        | Noticed a cyclops
   493 | D        | Noticed a cyclops
   494 | D        | Reached ****** piety under Cheibriados
   497 | D        | Killed a cyclops
   497 | D        | Reached skill level 11 in Stealth
   497 | D        | Killed a cyclops
   498 | D        | Found a transporter.
   569 | D        | Entered arena 8.
   570 | D        | Found a transporter.
   592 | D        | Got the amulet "Sostrinn" {Acrobat MR+++}
   702 | D        | Entered arena 9.
   703 | D        | Found a transporter.
   721 | D        | Entered arena 10.
   723 | D        | Found a transporter.
   730 | D        | Got the +8 long sword "Tumiju" {freeze, rC+ Int+4}
   734 | D        | Got the ring "Joduranyap" {MP+9 Str+6}
   770 | D        | Entered arena 11.
   771 | D        | Found a transporter.
   772 | D        | Reached skill level 12 in Stealth
   772 | D        | Reached XP level 11. HP: 111/111 MP: 17/17
   772 | D        | Reached skill level 10 in Shields
   800 | D        | Entered arena 12.
   802 | D        | Reached skill level 10 in Armour
   807 | D        | Found a transporter.
   851 | D        | Entered arena 13.
   851 | D        | Noticed a soul eater
   851 | D        | Noticed a soul eater
   852 | D        | Noticed a soul eater
   852 | D        | Noticed a ghoul
   852 | D        | Noticed a soul eater
   858 | D        | Killed a soul eater
   858 | D        | Killed a soul eater
   858 | D        | Reached skill level 13 in Stealth
   858 | D        | Killed a soul eater
   858 | D        | Killed a soul eater
   860 | D        | Found a transporter.
   866 | D        | Killed a ghoul
   874 | D        | Got the amulet of Ivipn {Faith rElec Dex+2}
   885 | D        | Got the ring "Need" {rPois MP-9 EV+5 SInv Stlth+}
   901 | D        | Entered arena 14.
   902 | D        | Noticed a spriggan air mage
   902 | D        | Noticed a spriggan air mage
   902 | D        | Noticed a spriggan air mage
   902 | D        | Noticed a storm dragon
   902 | D        | Noticed a spriggan air mage
   903 | D        | Noticed a storm dragon
   904 | D        | Reached skill level 10 in Invocations
   904 | D        | Killed a spriggan air mage
   904 | D        | Reached XP level 12. HP: 112/126 MP: 19/19
   904 | D        | Killed a spriggan air mage
   904 | D        | Killed a spriggan air mage
   904 | D        | Reached skill level 14 in Stealth
   904 | D        | Killed a spriggan air mage
   904 | D        | Noticed a spriggan air mage
   905 | D        | Killed a spriggan air mage
   907 | D        | Killed a storm dragon
   909 | D        | Killed a storm dragon
   910 | D        | Found a transporter.
   931 | D        | Got the amulet of Honesty {Inacc rF- MR+ Int+4}
   944 | D        | Entered arena 15.
   945 | D        | Noticed an ice dragon
   953 | D        | Killed an ice dragon
   954 | D        | Found a transporter.
   982 | D        | Entered arena 16.
   983 | D        | Noticed Snorg
   983 | D        | Noticed Rupert
   983 | D        | Noticed Polyphemus
   983 | D        | Noticed Dowan
   983 | D        | Noticed Psyche
   983 | D        | Noticed Agnes
   983 | D        | Noticed Ijyb
   984 | D        | Noticed Harold
   984 | D        | Killed Ijyb
   984 | D        | Killed Dowan
   984 | D        | Reached skill level 15 in Stealth
   984 | D        | Noticed Erica
   984 | D        | Noticed Eustachio
   985 | D        | Killed Psyche
   985 | D        | Killed Agnes
   985 | D        | Gained mutation: You can use your snake-like lower body to constrict enemies. [Naga growth]
   985 | D        | Reached XP level 13. HP: 136/136 MP: 21/21
   985 | D        | Noticed Gastronok
   986 | D        | Killed Harold
   986 | D        | Killed Eustachio
   986 | D        | Noticed Kirke
   987 | D        | Killed Snorg
   987 | D        | Killed Erica
   988 | D        | Killed Rupert
   990 | D        | Killed Polyphemus
   990 | D        | Reached skill level 15 in Fighting
   995 | D        | Killed Kirke
   995 | D        | Reached skill level 15 in Long Blades
   995 | D        | Reached skill level 16 in Stealth
   996 | D        | Found a transporter.
  1005 | D        | Killed Gastronok
  1126 | D        | Entered arena 17.
  1130 | D        | Noticed a shadow dragon
  1131 | D        | Noticed a ghoul
  1133 | D        | Found a transporter.
  1149 | D        | Killed a shadow dragon
  1156 | D        | Killed a ghoul
  1199 | D        | Gained mutation: You tend to lose your temper in combat. [potion of mutation]
  1199 | D        | Gained mutation: Your tail ends in a poisonous barb. [potion of mutation]
  1199 | D        | Gained mutation: You are partially covered in thin metallic scales. (AC +2) [potion of mutation]
  1199 | D        | Lost mutation: You tend to lose your temper in combat. [potion of mutation]
  1200 | D        | Entered arena 18.
  1203 | D        | Noticed a death ooze
  1203 | D        | Noticed an acid blob
  1203 | D        | Noticed a death ooze
  1203 | D        | Noticed an azure jelly
  1204 | D        | Noticed a great orb of eyes
  1204 | D        | Noticed a death ooze
  1205 | D        | Noticed a great orb of eyes
  1205 | D        | Noticed a death ooze
  1206 | D        | Killed a death ooze
  1206 | D        | Killed a death ooze
  1207 | D        | Killed an acid blob
  1207 | D        | Reached skill level 10 in Dodging
  1207 | D        | Reached skill level 17 in Stealth
  1207 | D        | Reached XP level 14. HP: 139/150 MP: 22/23
  1207 | D        | Killed an azure jelly
  1209 | D        | Found a transporter.
  1222 | D        | Entered arena 19.
  1274 | D        | Noticed a white very ugly thing
  1274 | D        | Noticed a cyan very ugly thing
  1275 | D        | Noticed a white very ugly thing
  1279 | D        | Killed a cyan very ugly thing
  1279 | D        | Killed a white very ugly thing
  1279 | D        | Reached skill level 18 in Stealth
  1281 | D        | Found a transporter.
  1282 | D        | Killed a white very ugly thing
  1359 | D        | Entered arena 20.
  1364 | D        | Noticed an azure jelly
  1368 | D        | Killed an azure jelly
  1368 | D        | Reached skill level 15 in Armour
  1368 | D        | Reached skill level 15 in Shields
  1370 | D        | Found a transporter.
  1397 | D        | Got the amulet of the Slug {Faith rElec Slay+2 SInv}
  1405 | D        | Got the +2 pair of gloves "Zuhe" {Dex+3}
  1436 | D        | Entered arena 21.
  1440 | D        | Noticed a kraken
  1443 | D        | Reached XP level 15. HP: 160/160 MP: 25/25
  1444 | D        | Reached skill level 19 in Stealth
  1445 | D        | Killed a kraken
  1448 | D        | Found a transporter.
  1453 | D        | Got the amulet of Gogig {RegenMP -Tele Fragile Int+6}
  1492 | D        | Got the ring "Guseis" {+Blink rN+}
  1545 | D        | Entered arena 22.
  1548 | D        | Noticed a lich
  1548 | D        | Noticed a ghoul
  1548 | D        | Noticed a ghoul
  1550 | D        | Noticed a ghoul
  1550 | D        | Noticed a ghoul
  1550 | D        | Noticed a ghoul
  1550 | D        | Noticed a ghoul
  1553 | D        | Killed a lich
  1553 | D        | Reached skill level 20 in Stealth
  1553 | D        | Reached skill level 15 in Invocations
  1555 | D        | Killed a ghoul
  1555 | D        | Killed a ghoul
  1556 | D        | Killed a ghoul
  1556 | D        | Killed a ghoul
  1556 | D        | Killed a ghoul
  1556 | D        | Killed a ghoul
  1578 | D        | Got the amulet "Myrhuav" {Faith rF+ Str+3 Stlth+}
  1582 | D        | Found a transporter.
  1610 | D        | Got the amulet of Modabb {+Rage rC+ Str+2 Dex+3}
  1622 | D        | Got the amulet of the Trout {Inacc MP+9}
  1636 | D        | Entered arena 23.
  1644 | D        | Noticed a ghost moth
  1647 | D        | Reached XP level 16. HP: 175/175 MP: 26/27
  1648 | D        | Reached skill level 21 in Stealth
  1651 | D        | Found a transporter.
  1669 | D        | Got the amulet "Xecirim" {Inacc Stlth+}
  1726 | D        | Entered arena 24.
  1732 | D        | Noticed a curse toe
  1732 | D        | Noticed a tentacled monstrosity
  1732 | D        | Noticed a golden dragon
  1732 | D        | Noticed a death cob
  1732 | D        | Noticed an Orb Guardian
  1732 | D        | Noticed an Orb Guardian
  1733 | D        | Found the +4 dagger "Morg" {pain, MR+ Int+5}
  1733 | D        | Noticed a tentacled monstrosity
  1733 | D        | Noticed a tentacled monstrosity
  1733 | D        | Noticed a death cob
  1733 | D        | Noticed an Orb Guardian
  1734 | D        | Killed a death cob
  1735 | D        | Noticed an Orb Guardian
  1735 | D        | Noticed an Orb Guardian
  1735 | D        | Killed a death cob
  1735 | D        | Killed an Orb Guardian
  1735 | D        | Killed an Orb Guardian
  1736 | D        | Killed an Orb Guardian
  1736 | D        | Killed an Orb Guardian
  1736 | D        | Reached skill level 22 in Stealth
  1736 | D        | Killed an Orb Guardian
  1738 | D        | Reached skill level 15 in Dodging
  1738 | D        | Killed a golden dragon
  1738 | D        | Reached XP level 17. HP: 106/189 MP: 22/28
  1738 | D        | Reached skill level 23 in Stealth
  1739 | D        | Killed a tentacled monstrosity
  1739 | D        | Killed a tentacled monstrosity
  1741 | D        | Killed a tentacled monstrosity
  1749 | D        | Killed a curse toe
  2060 | D        | Found a transporter.
  2094 | D        | Got the amulet of Orugomimau {+Rage Int+7}
  2132 | D        | Entered arena 25.
  2139 | D        | Noticed a pearl dragon
  2140 | D        | Noticed a pearl dragon
  2141 | D        | Found the +9 staff of Wucad Mu {channel}
  2142 | D        | Noticed a pearl dragon
  2145 | D        | HP: 1/192 [daeva/divine providence (11)]
  2145 | D        | Killed from afar by a daeva

Vault maps used:
D:        sprint_v

Skill      XL: |  1  2  3  4  5  6  7  8  9 10 11 12 13 14 15 16 17 |
---------------+----------------------------------------------------+-----
Fighting       | 4 6 7 9 10 11 13 14 16 17 19 21 22 | 22.2
Long Blades    | 3 5 7 8 10 11 12 14 15 17 19 21 22 | 22.1
Armour         | 3 5 6 7 8 9 11 12 13 15 16 18 19 | 19.3
Dodging        | 1 2 3 4 5 6 7 8 10 11 12 15 | 15.9
Stealth        | 3 5 7 8 9 10 12 13 15 17 18 20 22 23 | 23.7
Shields        | 3 5 6 7 8 9 11 12 13 15 16 18 19 | 19.3
Invocations    | 2 4 5 6 7 8 10 11 12 13 15 | 15.8

Action                   |  1- 3 |  4- 6 |  7- 9 | 10-12 | 13-15 | 16-18 || total
-------------------------+-------+-------+-------+-------+-------+-------++-------
Melee: Double sword      |     6 |    12 |    35 |     4 |       |       ||    57
       Long sword        |       |       |       |    21 |    44 |     5 ||    70
       Constrict         |       |       |       |       |     8 |     2 ||    10
       Tailslap          |       |       |       |       |     4 |     1 ||     5
Invok: Slouch            |       |       |     2 |    18 |    33 |    11 ||    64
       Step From Time    |       |       |       |       |       |     1 ||     1
 Abil: Spit Poison       |     1 |       |       |       |       |       ||     1
  Use: Potion            |     2 |       |       |       |     1 |     4 ||     7
       Scroll            |       |       |     1 |       |     2 |       ||     3
  Eat: Chunk             |       |       |       |     2 |     3 |     1 ||     6
       Ration            |       |       |       |       |     1 |     1 ||     2
Armor: Plate armour      |    14 |     2 |    38 |     9 |    24 |    11 ||    98
Dodge: Dodged            |       |       |     8 |    15 |    23 |    12 ||    58
Block: Shield            |    14 |    15 |   100 |    48 |   132 |    38 ||   347
       Rpst.: Double sword |       |       |     4 |     1 |       |       ||     5
       Long sword        |       |       |       |     1 |     5 |       ||     6

Table legend:
 A = Spawn XP
 B = Non-spawn XP
 C = Spawn XP percentage of total XP
 D = Spawn monster count
 E = Non-spawn monster count
 F = Spawn count percentage of total count
 G = Total turns spent on level
                    A         B        C        D         E        F      G
               +---------+---------+-------+---------+---------+-------+---------
         Total |       0 |  207873 |   0.0 |       0 |     314 |   0.0 |  2145
               +---------+---------+-------+---------+---------+-------+---------
             D |       0 |  207873 |   0.0 |       0 |     314 |   0.0 |  2145
               +---------+---------+-------+---------+---------+-------+---------
